 Dungeon Crawl Stone Soup version 0.30.1 (webtiles) character file.

Game seed: 8471107105115149676

54 H0rd4k the Charlatan (level 3, -1/23 HPs)
             Began as an Octopode Artificer on July 3, 2023.
             Slain by a goblin
             ... wielding a +0 dagger
             ... led by Robin
              (3 damage)
             ... on level 1 of the Dungeon.
             The game lasted 00:00:57 (1193 turns).

H0rd4k the Charlatan (Octopode Artificer)           Turns: 1193, Time: 00:00:58

Health: -1/23      AC:  1    Str: 11    XL:     3   Next: 91%
Magic:  3/3        EV: 18    Int: 21    God:
Gold:   77         SH:  0    Dex: 12    Spells: 2/2 levels left

rFire   . .          .
                       - Unarmed
rCold   . . .        (no shield)
rNeg    . . .        (helmet restricted)
rPois   .            (no amulet)
rElec   .            r - +6 ring of intelligence
rCorr   .            s - +5 ring of evasion
SInv    .            (no ring)
Will    .....        (no ring)
Stlth   +++          (no ring)
HPRegen 0.23/turn    (no ring)
MPRegen 0.08/turn    (no ring)
                     (no ring)

%: no passive effects
@: no status effects
A: almost no armour, amphibious, 8 rings, camouflage 1, gelatinous body 1,
(nimble swimmer 1), tentacles
a: no special abilities


You were on level 1 of the Dungeon.
You visited 1 branch of the dungeon, and saw 2 of its levels.

You collected 77 gold pieces.

Inventory:

Jewellery
 j - an amulet of faith
 r - a +6 ring of intelligence (left tentacle)
 s - a +5 ring of evasion (right tentacle)
Wands
 b - a wand of flame (15) (quivered)
 c - a wand of charming (15)
 d - a wand of iceblast (5)
Scrolls
 a - 2 scrolls of poison {unknown}
 f - 2 scrolls of identify {unknown}
 h - a scroll of amnesia {unknown}
 k - a scroll of enchant weapon {unknown}
 l - a scroll of fog {unknown}
 n - 2 scrolls of summoning {unknown}
 o - a scroll of immolation {unknown}
 q - 2 scrolls of teleportation {unknown}
Potions
 e - a potion of berserk rage {unknown}
 g - 2 potions of attraction {unknown}
 i - a potion of curing {unknown}
 m - a potion of haste {unknown}
 p - 2 potions of lignification {unknown}


   Skills:
 + Level 1.0 Fighting
 + Level 2.8 Dodging
 + Level 2.6 Stealth
 + Level 1.1 Unarmed Combat
 + Level 4.1 Evocations


You had 2 spell levels left.
You didn't know any spells.
Your spell library contained the following spells:

 Spells                   Type           Power      Damage    Failure   Level
 Inner Flame              Hex/Fire       0%         N/A       47%         3
 Yara's Violent Unravell  Hex/Tmut       0%         3d3       99%         5
 Enfeeble                 Hex            0%         N/A       100%        7


Dungeon Overview and Level Annotations

Branches:
Dungeon (2/15)

Altars:

Annotations:
D:2 Robin


Innate Abilities, Weirdness & Mutations

You cannot wear most types of armour.
You are amphibious.
You can wear up to eight rings at the same time.
Your skin changes colour to match your surroundings (Stealth+).
Your rubbery body absorbs attacks. (AC +1, EV +1)
((You are camouflaged when in or above water. (Stealth+)))
You have tentacles for arms and can constrict up to eight enemies at once.


Message History

The hobgoblin closely misses you.
You tentacle-slap the goblin. Your grab misses the goblin.
The goblin is moderately wounded.
The goblin misses you. The hobgoblin barely misses you.
You tentacle-slap the goblin.
You kill the goblin!
Robin says, "My army is invincible!"
The hobgoblin hits you.
Things that are here:
a +0 club; a +0 dagger The hobgoblin no longer looks unusually strong.
You closely miss the hobgoblin. You grab the hobgoblin.
You constrict the hobgoblin, but do no damage.
The hobgoblin barely misses you.
You tentacle-slap the hobgoblin but do no damage.
You constrict the hobgoblin. The hobgoblin completely misses you.
You release your grip on the hobgoblin.
The goblin no longer looks unusually strong.
The hobgoblin attacks as you move away! The hobgoblin hits you.
Robin throws the goblin at you! The goblin barely misses you.
Robin roars a battlecry!
The goblins go into a battle-frenzy!
The goblin barely misses you. The hobgoblin attacks as you move away!
The hobgoblin closely misses you. The goblin misses you.
The goblin attacks as you move away! The goblin hits you with a +0 dagger.
The hobgoblin attacks as you move away! The hobgoblin hits you.
* * * LOW HITPOINT WARNING * * *
There is a stone staircase leading up here.
The goblin misses you.
You climb upwards.
There is a stone staircase leading down here.
You barely miss the goblin. Your grab misses the goblin.
Your squeeze misses the goblin. The hobgoblin closely misses you.
The goblin completely misses you.
You closely miss the goblin. You grab the goblin. You constrict the goblin.
The hobgoblin hits you.
* * * LOW HITPOINT WARNING * * *
The goblin hits you with a +0 dagger.
You die...

##..#.#..#..######.#####......###
......#.....#....................
####........#.###...............#
###.....[.......................#
.................#..............#
.....##.....########)#..........#
.....##'###'########.#..........#
.....#.......#.....^.##........##
.....#.......+..@g...#...........
#....#.8.⌠.8.#...g.).#...........
...[.#.......###'###.............
##...#.......###'###.............
#...##########...####..........#
#...##########.<.# ##........##
#............'...# ##......##.
#...############## ####......
#...################ ######.


You could see a hobgoblin (strong) and a goblin (strong).

Vanquished Creatures
  Terence (D:2)
  A bat (D:2)
  3 endoplasms
  4 giant cockroaches
  4 goblins
  4 hobgoblins
  A ball python (D:1)
  A frilled lizard (D:2)
  4 kobolds
  2 rats
25 creatures vanquished.

Notes
Turn   | Place    | Note
-------+----------+-------------------------------------------
     0 | D:1      | H0rd4k the Octopode Artificer began the quest for the Orb.
     0 | D:1      | Reached XP level 1. HP: 13/13 MP: 1/1
   128 | D:1      | Reached XP level 2. HP: 18/18 MP: 2/2
   839 | D:2      | Reached skill level 4 in Evocations
   977 | D:2      | Reached XP level 3. HP: 20/23 MP: 3/3
  1007 | D:2      | Noticed Terence
  1018 | D:2      | Killed Terence
  1166 | D:2      | Noticed Robin
  1169 | D:2      | Reached skill level 1 in Unarmed Combat
  1193 | D:1      | Slain by a goblin

Illustrated notes

Levels and vault maps discovered:
D:1:      dpeg_arrival_simpleton_b, layout_rooms
D:2:      layout_basic, uniq_terence, uniq_robin

Skill      XL: |  1  2  3 |
---------------+----------+-----
Evocations     | 4 |  4.1
Stealth        | 2 |  2.6
Unarmed Combat | 1 |  1.1
Fighting       | |  1.0
Dodging        | |  2.8

Action                     || total
---------------------------++-------
  Melee: Unarmed           ||    73
         Constrict         ||    20
         Tentacles         ||    15
         Punch             ||     2
   Stab: Sleeping          ||     9
 Armour: Skin              ||     4
  Dodge: Dodged            ||    47
